[Event "36th German Seniors-ch-65 2024"]
[Site "Bad Wildungen"]
[Date "2024.08.27"]
[Round "5.15"]
[White "Babrikowski, Peter"]
[Black "Ellenberg, Ekkehard"]
[Result "0-1"]
[ECO "B22"]
[WhiteElo "2153"]
[BlackElo "1998"]
[Annotator "TA"]
[PlyCount "90"]
[EventDate "2024.08.22"]
[EventType "swiss"]
[EventCountry "GER"]
[SourceTitle "playchess.com"]
[Source "ChessBase"]
[SourceQuality "1"]
[TimeControl "40/5400+30:1800+30"]

1. e4 c5 2. c3 Nf6 3. e5 Nd5 4. d4 cxd4 5. Qxd4 e6 6. Nf3 Nc6 7. Qe4 f5 8. Qe2 Qc7 9. c4 Bb4+ 10. Nbd2 (10. Kd1 $11 Nde7 11. a3) 10... Nf4 $17 {[%emt 0:00:50] Black is much more active. Black is better.} 11. Qe3 Ng6 12. a3 Be7 13. b4 Ncxe5 14. Nxe5 Qxe5 15. Qxe5 Nxe5 16. Bb2 {[%emt 0:00:06] [#]} Bf6 17. f4 {[%emt 0:00:28] [#]} Nf3+ 18. Nxf3 {[%emt 0:00:27] 0-0-0 is the strong threat.} Bxb2 19. Ra2 Bc3+ 20. Kf2 Ke7 21. g3 b6 22. Bg2 Bb7 23. Rd1 Rhd8 24. Re2 (24. Rc2 $17 {was necessary.} Bf6 25. Ne1) 24... g6 (24... a5 $19 25. Nd4 Bxg2 26. Kxg2 axb4 27. axb4 Bxd4 (27... Bxb4 28. Nxf5+ Kf6 29. Nd6 $15) 28. Rxd4 Ra4) 25. Ne5 (25. Rd3 $17 Bf6 26. Nh4) 25... Bxg2 $19 26. Kxg2 Bxe5 27. Rxe5 {[%emt 0:00:23][%mdl 4096] Endgame. KRR-KRR} Rdc8 28. c5 bxc5 29. bxc5 Rab8 30. Rd4 Rb5 31. Rc4 a5 32. Kh3 h6 33. g4 (33. Rc2 $142) 33... Rb3+ 34. Kh4 $2 (34. Kg2 $19) 34... fxg4 (34... Kf6 $142 35. Re3 Rxe3 36. gxf5 Kxf5 37. Rc3 Rxc3 38. c6 g5+ (38... Kxf4 39. a4 Ke5 40. Kg4 R8xc6 41. h4 R6c4#) 39. fxg5 hxg5+ 40. Kh5 Rh8#) 35. Kxg4 Rxa3 36. h4 (36. Re2 $142) 36... Rb3 (36... h5+ $142 37. Kg5 Kf7) 37. h5 Rg8 38. hxg6 (38. Re1 $19) 38... Rxg6+ 39. Kh5 Kf6 40. Kh4 Rb1 (40... Rgg3 $142 41. Rc3 Rbxc3 (41... Rgxc3 {leads to mate.} 42. Re3 Rxe3 43. Kg4 Rg3+ 44. Kh4 Rh3+ 45. Kg4 h5#) 42. f5 Rh3+ (42... Kxe5 {gets mated.} 43. Kh5 Rg5+ 44. Kxh6 Kxf5 45. Kh7 Rh3#) 43. Kg4 h5+ 44. Kf4 Rh4#) 41. Rc3 Rb4 42. Rf3 {[%emt 0:02:18] [#]} (42. Kh3 $142 Rxf4 43. Rh5) 42... Rxf4+ $3 {[%emt 0:04:34][%mdl 512] Black is clearly winning.} 43. Rxf4+ Kxe5 44. Ra4 Kd5 45. Rxa5 Kc6 {[%emt 0:31:41] Black took control after the opening.   Weighted Error Value: White=1.05/Black=0.51.  Mistake:       	White=8     	Black=3      Inaccurate:     	White=1     	---        OK:         	White=5     	Black=14     Best:        	White=3     	Black=2      Brilliant:      	---       	Black=1} 0-1

[Event "36th German Seniors-ch-65 2024"]
[Site "Bad Wildungen"]
[Date "2024.08.27"]
[Round "5.16"]
[White "Polster, Wolfgang"]
[Black "Vasiljev, Jurij"]
[Result "0-1"]
[ECO "B50"]
[WhiteElo "2112"]
[BlackElo "1993"]
[Annotator "TA"]
[PlyCount "70"]
[EventDate "2024.08.22"]
[EventType "swiss"]
[EventCountry "GER"]
[SourceTitle "playchess.com"]
[Source "ChessBase"]
[SourceQuality "1"]
[TimeControl "40/5400+30:1800+30"]

1. e4 c5 2. Nf3 d6 3. c3 Nf6 4. Be2 Nc6 5. d3 g6 6. O-O Bg7 7. h3 O-O 8. Be3 $1 h6 9. Nbd2 e5 10. a3 a5 {[%emt 0:01:56] The position is equal.} 11. a4 Nh7 12. Nh2 f5 13. exf5 gxf5 14. f4 Kh8 15. Bf3 (15. fxe5 $14 Qe7 16. d4) 15... exf4 $11 16. Bxf4 Ne5 (16... d5 $11) 17. Nc4 $14 Be6 18. Re1 Bxc4 19. dxc4 Nxc4 {[%emt 0:01:50] [#]} 20. Qc2 (20. Bd5 $1 $16 Ne5 21. Nf3 (21. Bxb7 Rb8 $15)) 20... Qb6 $11 21. Re2 Ne5 22. Rd1 {[%emt 0:02:15][%mdl 1024] White has compensation.} Rad8 23. Bd5 c4+ (23... Nf6 $11) 24. Kh1 (24. Be3 $14 Qc7 25. Qd2) 24... Nd3 (24... Nf6 $5) 25. Be3 {[%emt 0:00:26] This pair of bishops is nice.} Qc7 26. Qd2 (26. b3 $11 {remains equal.}) 26... Nf6 27. Bf3 (27. Bxc4 $142 Nxb2 28. Qxb2 Qxc4 29. Bd4) 27... Kh7 {[%emt 0:03:08] Black is more active.} (27... d5 $142 {Threatens to win with ...Ne4.} 28. Bd4 Kh7) 28. Qc2 (28. b3 $17) 28... Ne4 $19 29. Nf1 d5 $36 {[%emt 0:01:28][%mdl 2048] Black is on the roll.} 30. Rxd3 cxd3 31. Qxd3 Qc4 ({Black should play} 31... Qc6 $19 32. Qd1 b5 33. axb5 Qxb5) 32. Qd1 (32. Qxc4 $17 {was the only defense.} dxc4 33. Bxe4 fxe4 34. Nd2) 32... f4 (32... d4 $19 33. cxd4 Bxd4) 33. Bb6 $17 Ra8 34. Re1 Ra6 35. Be2 $2 {[%emt 0:00:42][%mdl 8192] [#]} (35. Bg1 $17) 35... Rxb6 $1 {[%emt 0:18:19] Weighted Error Value: White=0.50/Black=0.24 (precise) .  Loses game:     	White=1     	---        Mistake:       	White=7     	Black=5      Inaccurate:     	White=1     	Black=5      OK:         	White=6     	Black=8      Best:        	White=2     	Black=1} 0-1

[Event "36th German Seniors-ch-65 2024"]
[Site "Bad Wildungen"]
[Date "2024.08.27"]
[Round "5.17"]
[White "Kuempers, Ulrich"]
[Black "Schulz, Michael"]
[Result "1-0"]
[ECO "A87"]
[WhiteElo "1991"]
[BlackElo "2109"]
[Annotator "TA"]
[PlyCount "109"]
[EventDate "2024.08.22"]
[EventType "swiss"]
[EventCountry "GER"]
[SourceTitle "playchess.com"]
[Source "ChessBase"]
[SourceQuality "1"]
[TimeControl "40/5400+30:1800+30"]

1. d4 f5 2. Nf3 Nf6 3. c4 g6 4. g3 Bg7 5. Bg2 O-O 6. O-O d6 7. Nc3 Qe8 8. d5 Na6 9. Be3 b6 10. Qd2 Bd7 11. Ng5 Rc8 {[%emt 0:03:31] White is slightly better.} 12. Rad1 Nc5 13. b4 Nb7 14. Rc1 Nd8 {[%emt 0:15:01] White stays focused until the end.} 15. c5 bxc5 16. bxc5 dxc5 17. Bxc5 h6 18. Nf3 {[%emt 0:02:39] White has more active pieces. The black rooks are passive.} Nb7 19. Bxa7 Nd6 20. Bd4 Nde4 (20... c5 $16 {was necessary.}) 21. Nxe4 $18 fxe4 22. Ne5 Bf5 23. g4 Nxg4 24. Nxg4 Bxg4 25. Bxg7 Kxg7 26. Qd4+ Rf6 27. Qxe4 h5 28. Qe5 Qd7 29. f3 Bf5 30. e4 Bh3 31. Bxh3 Qxh3 32. Qxe7+ Rf7 33. Qe5+ Kh7 34. Qg3 Qd7 (34... Qxg3+ {might work better.} 35. hxg3 Ra8) 35. Rc6 Rg8 36. Rfc1 Rgg7 37. a4 (37. Rxc7 Qb5 $18) 37... Qd8 38. a5 g5 (38... Qf8 $142 39. Rf1 (39. Rxc7 Rxf3 40. Rxg7+ Kxg7 $18) 39... Rf6 40. Rxc7 Rxc7) 39. a6 {[%emt 0:03:06] [#] Black must now prevent a7.} g4 40. f4 h4 41. Qe3 g3 42. h3 g2 43. f5 {[%emt 0:01:34] [#] Threatening mate with a7.} Rf6 44. a7 {[%emt 0:00:00] Rxf6 would kill now.} Rxc6 45. Rxc6 {[%emt 0:00:00] KQR-KQR. White mates.} Qa8 46. f6 Rf7 47. e5 Qb7 48. Qe4+ Kg8 49. Qg4+ Kf8 50. Qd4 Rh7 51. Qb4+ Qxb4 52. a8=Q+ (52. a8=B Qe1+ 53. Kxg2 Rh5 (53... Qxe5 $2 54. d6 $19) 54. Rxc7 Rg5+ (54... Qxe5 {is a self mate.} 55. Rc8+ Kf7 56. d6 Qg3+ 57. Kh1 Rg5 58. Bd5+ Kxf6 59. Rf8+ Ke5 60. Re8+ Kxd5 61. Re5+ Kxe5 62. d7 Qxh3#) 55. Kf3 Rf5+ 56. Kg4 Qe4#) 52... Kf7 53. Rxc7+ Kg6 54. Qg8+ Kf5 55. Qxh7+ {[%emt 0:00:09] Weighted Error Value: White=0.12 (very precise) /Black=0.37.  Mistake:       	---       	Black=3      Inaccurate:     	White=1     	Black=4      OK:         	White=15    	Black=5      Best:        	White=2     	Black=1} ({Inferior is} 55. Rxh7 Qe1+ 56. Kxg2 Qe2+ 57. Kh1 Qf1+ 58. Kh2 Qf4+ 59. Kg1 Qe3+ 60. Kh1 Qxh3+ 61. Kg1 Qe3+ 62. Kh2 Qf4+ 63. Kg2 Qe4+ 64. Kh2 Qf4+ 65. Kg2 Qe4+ 66. Kh2 Qf4+ $11) 1-0

[Event "36th German Seniors-ch-65 2024"]
[Site "Bad Wildungen"]
[Date "2024.08.27"]
[Round "5.18"]
[White "Krueger, Erich"]
[Black "Roettinger, Eugen"]
[Result "1-0"]
[ECO "D35"]
[WhiteElo "2085"]
[BlackElo "1990"]
[Annotator "TA"]
[PlyCount "69"]
[EventDate "2024.08.22"]
[EventType "swiss"]
[EventCountry "GER"]
[SourceTitle "playchess.com"]
[Source "ChessBase"]
[SourceQuality "1"]
[TimeControl "40/5400+30:1800+30"]

1. d4 d5 2. c4 e6 3. Nc3 Nf6 4. cxd5 exd5 5. Bg5 Be7 6. e3 c6 7. Bd3 Ne4 8. Bf4 (8. Bxe4 Bxg5 9. Bd3 Nd7 $11) (8. Nxe4 dxe4 9. Bxe7 Qxe7 $11) 8... Nxc3 9. bxc3 Nd7 10. Nf3 Nf6 {[%emt 0:00:16] White is slightly better.} 11. h3 Bd6 12. Bxd6 Qxd6 13. O-O O-O 14. Qc2 Re8 15. Rab1 b6 16. c4 dxc4 17. Bxc4 Be6 18. Rfc1 Rac8 19. Bd3 g6 20. e4 {[%emt 0:05:47] Strongly threatening e5.} (20. Qb2 $5) 20... Qf4 21. Qe2 {[%emt 0:04:26] [#]} (21. Qd2 $14 Qxd2 22. Nxd2) 21... Bd5 $1 $11 22. g3 Qh6 (22... Qd6 $11 23. e5 (23. Ne5 Be6 $11) 23... Qd7) 23. Ne5 $16 Be6 24. Qf3 $36 {[%emt 0:01:32][%mdl 2048] White has strong initiative.} (24. Nxc6 Bd7 (24... Bxh3 25. Qf3 $16) (24... Bd5 $2 25. Ne7+ Rxe7 26. Rxc8+ $18) 25. Qf3 Rxc6 $17) 24... Kg7 25. Rxc6 {[%emt 0:12:52] White is more active.} (25. Nxc6 Qxh3 26. Ba6 (26. Nxa7 Rxc1+ 27. Rxc1 Bg4 $11) 26... Nxe4) (25. g4 $16) 25... Rxc6 $11 26. Nxc6 {[%emt 0:00:12] And now e5 would win.} Bxh3 (26... Qxh3 $11 {keeps the balance.} 27. Ne5 (27. Nxa7 Ng4 $11) 27... Ng4) 27. e5 $1 $16 (27. Nxa7 Bg4 28. Qe3 Qxe3 29. fxe3 Ra8 $15 (29... Nxe4 30. Bxe4 Rxe4 31. Rb3 $17)) 27... Nh5 (27... Nd7 $16 28. Bc4 (28. Nxa7 f6 $16) 28... Bf5) 28. Bc4 Rf8 (28... Bf5 $142) 29. d5 Qg5 30. Re1 ({Weaker is} 30. Nxa7 Qxe5 31. Nc6 (31. Rxb6 Qd4 $11) 31... Qd6 $16) 30... Qd2 31. Qe3 Qc2 (31... Qxe3 $142 32. Rxe3 Re8) 32. Bb3 Qb2 33. Nxa7 {[%emt 0:00:44] White is clearly winning.} Bd7 34. Nc6 Qa3 35. Qxb6 {[%emt 0:01:51] Weighted Error Value: White=0.18 (very precise) /Black=0.49.  Mistake:       	White=2     	Black=5      Inaccurate:     	---       	Black=1      OK:         	White=4     	Black=6      Best:        	White=2     	---        Strong:       	White=1     	---} 1-0

[Event "36th German Seniors-ch-65 2024"]
[Site "Bad Wildungen"]
[Date "2024.08.27"]
[Round "5.19"]
[White "Wuest, Michael"]
[Black "Wenner, Tobias"]
[Result "1/2-1/2"]
[ECO "B24"]
[WhiteElo "1932"]
[BlackElo "2067"]
[Annotator "TA"]
[PlyCount "70"]
[EventDate "2024.08.22"]
[EventType "swiss"]
[EventCountry "GER"]
[SourceTitle "playchess.com"]
[Source "ChessBase"]
[SourceQuality "1"]
[TimeControl "40/5400+30:1800+30"]

1. e4 c5 2. Nc3 e6 3. d3 Nc6 4. g3 Nf6 5. Bg2 d5 6. Nge2 (6. f4 $11) 6... d4 $15 7. Nb1 Rb8 8. a4 a6 {[%emt 0:00:16] Black has an edge.} 9. O-O Be7 10. h3 O-O 11. f4 e5 12. f5 (12. Nd2 $11 {keeps the balance.}) 12... h6 13. Nd2 Bd7 14. Nf3 b5 15. axb5 axb5 16. g4 Nh7 ({Better is} 16... c4 $17) 17. Ng3 Ng5 18. Nh5 $1 Nxf3+ 19. Qxf3 {[%emt 0:02:05] [#] Threatens to win with f6.} f6 $1 20. h4 Ra8 21. Bd2 (21. Rxa8 $11 Qxa8 22. g5 fxg5 23. hxg5 hxg5 24. Bh3) 21... Be8 (21... Rxa1 $15 22. Rxa1 Be8) 22. Ng3 (22. Rxa8 $11 Qxa8 23. Rb1) 22... Bf7 (22... c4 $17) 23. Rxa8 $11 Qxa8 24. g5 $1 fxg5 25. hxg5 hxg5 26. Qg4 Qd8 (26... Be8 $11 {might be stronger.}) 27. Kf2 ({White should try} 27. Bf3 $14) 27... g6 $2 (27... Qd6 $11 {and Black has nothing to worry.}) 28. Rh1 {[%emt 0:03:42] White threatens Qh3 and mate.} Kg7 {[%emt 0:00:21] [#]} 29. Ke2 {[%emt 0:01:06] White is more active.} (29. fxg6 $1 $16 {Nf5+ would kill now.} Bxg6+ 30. Nf5+ Kf7 31. Ra1) 29... Rh8 30. fxg6 Bxg6 31. Rxh8 Kxh8 32. Qe6 (32. Nf5 $14) 32... Qd6 33. Qxd6 Bxd6 34. Bxg5 Ne7 35. Bh3 Kg7 {[%emt 0:23:46] Weighted Error Value: White=0.25 (precise) /Black=0.32.  Loses game:     	---       	Black=1      Mistake:       	White=6     	Black=5      Inaccurate:     	White=1     	Black=2      OK:         	White=11    	Black=5      Best:        	White=1     	Black=2      Strong:       	White=2     	Black=1} (35... Be8 $1 $11) 1/2-1/2

[Event "36th German Seniors-ch-65 2024"]
[Site "Bad Wildungen"]
[Date "2024.08.27"]
[Round "5.20"]
[White "Ruether, Rudolf"]
[Black "Scharff, Klaus"]
[Result "1-0"]
[ECO "A40"]
[WhiteElo "2065"]
[BlackElo "1949"]
[Annotator "TA"]
[PlyCount "94"]
[EventDate "2024.08.22"]
[EventType "swiss"]
[EventCountry "GER"]
[SourceTitle "playchess.com"]
[Source "ChessBase"]
[SourceQuality "1"]
[TimeControl "40/5400+30:1800+30"]

1. d4 e6 2. Nf3 d6 3. g3 Nd7 4. Bg2 h6 5. c4 g5 6. h3 Bg7 7. e4 Ne7 8. Nc3 {[%emt 0:03:03] White is slightly better.} a6 9. O-O O-O 10. b3 f5 11. exf5 exf5 12. Bb2 Ng6 13. Qd2 Nf6 14. Rae1 g4 (14... c6 $14) 15. hxg4 $16 fxg4 16. Nh2 {[%emt 0:00:28] White is more active.} h5 (16... c6 $16) 17. Ne4 c6 (17... Nh7 $16 {is a better defense.} 18. f3 gxf3 19. Nxf3 (19. Bxf3 Bf5 $16) (19. Rxf3 Bf5 $14) 19... Bg4) 18. d5 Nxe4 19. Bxe4 (19. Rxe4 $6 c5 $14) 19... Ne5 20. dxc6 bxc6 21. Bxe5 dxe5 22. Qxd8 Rxd8 23. Bxc6 Rb8 24. Rd1 (24. Bd5+ $142 Kh7 25. Rd1) 24... Rxd1 (24... Be6 $16 {was worth a try.}) 25. Rxd1 $18 {[%emt 0:00:08] [#] aiming for Rd8+.} Bb7 (25... Bf5 $142 26. Bd7 Be4 (26... Rd8 $2 27. Be6+ Bxe6 28. Rxd8+ $18)) 26. Bxb7 Rxb7 {[%emt 0:00:01][%mdl 4096] Endgame. KRB-KRN} 27. Rd5 Kf7 28. Kf1 Ke6 29. Ke2 Bh6 (29... Bf6 $142 30. Nf1 Rd7) 30. f3 Kf5 31. fxg4+ hxg4 32. Rd6 Bc1 33. Rxa6 Rd7 34. Nf1 {[%emt 0:00:30] Inhibits Rd2+.} Ke4 35. Ra5 Rc7 36. Ra8 (36. Nd2+ Bxd2 37. Kxd2 Rh7 $16) 36... Rd7 37. Ra4 {[%emt 0:01:16] Black must now prevent c5+.} Kd4 (37... Rc7 {was necessary.} 38. Nh2 Kf5) 38. Ra5 Re7 39. Rd5+ Ke4 40. Rd1 (40. Nd2+ Kf5 41. c5 Ra7 $18) 40... Bg5 41. c5 (41. Nd2+ Kf5 42. Rf1+ Ke6) 41... Ra7 42. a4 (42. Nd2+ $142 Kd5 43. Nf3+ Kxc5 44. Nxg5 Rxa2+ 45. Rd2) 42... Rb7 $2 (42... Ra5 43. c6 Rc5) 43. Rd3 Kf5 44. Rd6 $2 (44. Ne3+ $18 Ke4 45. Nc4 (45. Nxg4 Rb8 $18)) 44... Rb6 $2 45. Kd3 $2 (45. cxb6 Be7 46. Ne3+ Kg5 47. Rc6 Bc5 48. Rxc5 Kg6 49. Rc6+ (49. Nxg4 Kh5 50. Rxe5+ Kg6 51. b7 Kf7 52. b8=Q Kg7 53. Qe8 Kh7 54. Re7#) (49. b7 Kh6 50. Rc6+ Kh7 51. b8=Q e4 52. Qa7+ Kh8 53. Rc8#) 49... Kg7 50. b7 (50. Nxg4 Kh7 51. b7 Kg7 52. b8=Q e4 53. Qb7+ Kh8 54. Rc8#) 50... Kh7 51. b8=Q (51. b8=R e4 52. Rb7+ Kh8 53. Rc8#) 51... e4 52. Qa7+ Kh8 53. Rc8#) 45... Bd8 $2 (45... Rxb3+ $18 46. Kc4 Rb1) 46. Re6 $4 (46. Ne3+ {avoids the disaster.} Kg5 47. cxb6 Be7 48. Rd5 Kh5 49. b7 (49. Rxe5+ Kh6 50. Rxe7 Kg6 51. b7 Kf6 52. Nd5+ Kg5 53. b8=Q Kh5 54. Rg7 Kh6 55. Qh8#) 49... Kg6 50. b8=Q (50. b8=R Kf6 51. Rb6+ Kf7 52. Nxg4 Kg8 53. Rd7 e4+ 54. Kxe4 Kf7 55. Rbb7 Kg8 56. Rxe7 Kf8 57. Ke5 Kg8 58. Re8#) 50... Kh7 51. Qxe5 (51. Nxg4 Kg7 52. Qxe5+ Kf7 53. Nh6+ Kg6 54. Qe6+ Bf6 55. Qf7+ Kxh6 56. Rh5#)) 46... Bc7 $4 {[%emt 0:00:00][%mdl 8192] [#]} (46... Rxe6 $19 47. Ne3+ Kg5) 47. b4 $2 Rxe6 {[%emt 1:11:14][%mdl 32768] Weighted Error Value: White=0.94/Black=0.94.  Loses game:     	---       	Black=1      Missed win:     	White=1     	Black=1      Mistake:       	White=2     	Black=9      Inaccurate:     	White=3     	Black=2      OK:         	White=14    	Black=8      Best:        	White=1     	Black=1     . Loss on time!?} 1-0

[Event "36th German Seniors-ch-65 2024"]
[Site "Bad Wildungen"]
[Date "2024.08.27"]
[Round "5.21"]
[White "Matthey, Harald"]
[Black "Krien, Hartmut"]
[Result "0-1"]
[ECO "B18"]
[WhiteElo "2062"]
[BlackElo "1930"]
[Annotator "TA"]
[PlyCount "73"]
[EventDate "2024.08.22"]
[EventType "swiss"]
[EventCountry "GER"]
[SourceTitle "playchess.com"]
[Source "ChessBase"]
[SourceQuality "1"]
[TimeControl "40/5400+30:1800+30"]

1. e4 c6 2. d4 d5 3. Nc3 dxe4 4. Nxe4 Bf5 5. Ng3 Bg6 6. Nh3 h6 7. Nf4 Bh7 8. Bc4 Nf6 9. c3 e6 10. O-O {[%emt 0:01:21] Threatening Ngh5.} Be7 {[%emt 0:02:16] [#]} (10... Bd6 $11) 11. Re1 ({White must play} 11. Bxe6 $1 $16 {Strongly threatening Bf5.} fxe6 12. Nxe6) 11... O-O $1 $11 12. a4 Nbd7 {[%emt 0:02:18] [#]} 13. Bxe6 $1 fxe6 14. Nxe6 Qb6 {[%emt 0:00:32] [#] A mistake that costs the game.} (14... Qe8 $11 {and Black stays safe.}) 15. a5 $1 $18 (15. Nxf8 Bxf8 16. a5 Qb5 $16) (15. Nxg7 Rf7 16. Ne6 (16. Bxh6 Bf8 $14) 16... Bd6 $14) 15... Qb5 16. Nc7 $1 ({Stronger than} 16. Nxf8 Bxf8 17. b3 Qd5 $11) 16... Qd3 17. Qxd3 ({Weaker is} 17. Nxa8 Qxd1 18. Rxd1 Rxa8 $15) 17... Bxd3 18. Rxe7 Rac8 19. Bf4 g5 (19... Rf7 $142 20. Rxf7 Kxf7) 20. Bd6 Rf7 21. Rae1 ({Don't do} 21. Re3 Bg6 22. h3 Nf8 $18) 21... Nf8 22. Rxf7 Kxf7 23. Re7+ Kg6 24. Ne6 {[%emt 0:00:00] Prevents Rd8.} Nxe6 25. Rxe6 Re8 (25... Bc4 {was necessary.} 26. Re5 Rh8) 26. Rxe8 Nxe8 {[%emt 0:00:03][%mdl 4096] Endgame. KBN-KBN} 27. Be5 b6 28. axb6 axb6 29. f3 Nf6 (29... Bc4 {was called for.} 30. Nf1 Ba6) 30. Bxf6 Kxf6 {[%emt 0:00:03] KB-KN} 31. Kf2 Ke6 32. Ke3 Bc4 33. Ne4 {[%emt 0:00:00] g4 is the strong threat.} Bf1 (33... Bb3 {keeps fighting.} 34. Ke2 Bc4+ 35. Ke3 Bb3) 34. g4 {[%emt 0:00:00] White is clearly winning.} Bc4 35. Ng3 Kf6 36. Nf5 h5 37. Nd6 {[%emt 0:00:00][%mdl 32768] Weighted Error Value: White=0.20 (precise) /Black=0.47.  Loses game:     	---       	Black=1      Mistake:       	White=1     	Black=5      Inaccurate:     	White=3     	---        OK:         	White=14    	Black=8      Best:        	White=1     	---        Strong:       	White=2     	Black=1     . Loss on time!?} 0-1

[Event "36th German Seniors-ch-65 2024"]
[Site "Bad Wildungen"]
[Date "2024.08.27"]
[Round "5.22"]
[White "Chevelevitch, Evgueni"]
[Black "Heid, Michael"]
[Result "1/2-1/2"]
[ECO "B19"]
[WhiteElo "2334"]
[BlackElo "1968"]
[Annotator "TA"]
[PlyCount "51"]
[EventDate "2024.08.22"]
[EventType "swiss"]
[EventCountry "GER"]
[SourceTitle "playchess.com"]
[Source "ChessBase"]
[SourceQuality "1"]
[TimeControl "40/5400+30:1800+30"]

1. e4 c6 2. d4 d5 3. Nc3 dxe4 4. Nxe4 Bf5 5. Ng3 Bg6 6. h4 h6 7. Nf3 Nd7 8. h5 Bh7 9. Bd3 Bxd3 10. Qxd3 e6 11. Bf4 Qa5+ 12. Bd2 Bb4 13. Ne4 Bxd2+ {[%emt 0:02:42] The position is equal.} 14. Nfxd2 Ngf6 $1 15. Nd6+ Ke7 16. N6c4 Qc7 17. O-O-O Rhd8 18. g3 c5 19. Nf3 b5 20. Ne3 cxd4 (20... Qa5 $15 21. Kb1 c4) 21. Nxd4 $11 a6 22. Qa3+ Nc5 23. Nb3 Rxd1+ 24. Rxd1 Rc8 25. Nxc5 Qxc5 26. Qxc5+ {[%emt 0:00:04] Weighted Error Value: White=0.06 (flawless) /Black=0.10 (very precise) .  Mistake:       	White=1     	Black=1      Inaccurate:     	White=1     	Black=1      OK:         	White=6     	Black=4      Best:        	White=1     	Black=2      Strong:       	---       	Black=1} ({White should play} 26. Qxa6 $14 b4 27. Qd3) 1/2-1/2

[Event "36th German Seniors-ch-65 2024"]
[Site "Bad Wildungen"]
[Date "2024.08.28"]
[Round "6.1"]
[White "Zimmermann, Rolf"]
[Black "Buchal, Stephan"]
[Result "0-1"]
[ECO "B07"]
[WhiteElo "2107"]
[BlackElo "2215"]
[Annotator "RC"]
[PlyCount "48"]
[EventDate "2024.08.22"]
[EventType "swiss"]
[EventCountry "GER"]
[SourceTitle "playchess.com"]
[Source "ChessBase"]
[SourceQuality "1"]
[TimeControl "40/5400+30:1800+30"]

1. d4 g6 2. e4 Bg7 3. f4 d6 4. Nf3 Nf6 5. Bd3 Nc6 6. c3 Bg4 7. d5 Nb8 8. h3 Bxf3 9. Qxf3 O-O 10. O-O c6 11. dxc6 Nxc6 12. b3 Nd7 13. Bb2 Nb4 14. Rf2 Qb6 15. Na3 Nxd3 16. Qxd3 Rac8 17. Nc4 Qc6 18. Na5 Qb6 19. Nc4 Qc6 20. Na5 Qc7 21. Nc4 Nc5 22. Qe2 Na4 23. Nxd6 Nxc3 24. Bxc3 Qxc3 0-1

[Event "36th German Seniors-ch-65 2024"]
[Site "Bad Wildungen"]
[Date "2024.08.28"]
[Round "6.2"]
[White "Rosen, Willy"]
[Black "Podat, Vladimir"]
[Result "1/2-1/2"]
[ECO "C00"]
[WhiteElo "2091"]
[BlackElo "2157"]
[Annotator "RC"]
[PlyCount "67"]
[EventDate "2024.08.22"]
[EventType "swiss"]
[EventCountry "GER"]
[SourceTitle "playchess.com"]
[Source "ChessBase"]
[SourceQuality "1"]
[TimeControl "40/5400+30:1800+30"]

1. e4 e5 2. Nf3 Nc6 3. d3 Nf6 4. c3 d5 5. Nbd2 Be7 6. Be2 O-O 7. O-O a5 8. b3 Re8 9. Bb2 Bc5 10. a3 d4 11. cxd4 Nxd4 12. Nxd4 Bxd4 13. Bxd4 Qxd4 14. Rc1 c6 15. Kh1 Be6 16. Qc2 Qd6 17. Qc5 Qxc5 18. Rxc5 Nd7 19. Rc3 c5 20. Rb1 g6 21. h3 h5 22. g4 hxg4 23. Bxg4 Kg7 24. Kg2 Bxg4 25. hxg4 Rh8 26. b4 axb4 27. axb4 Rhc8 28. Kf3 cxb4 29. Rxc8 Rxc8 30. Rxb4 Rc3 31. Ke2 Nc5 32. Rc4 Rxc4 33. dxc4 Kf6 34. Ke3 1/2-1/2

[Event "36th German Seniors-ch-65 2024"]
[Site "Bad Wildungen"]
[Date "2024.08.28"]
[Round "6.4"]
[White "Juhnke, Juergen"]
[Black "Krueger, Erich"]
[Result "1-0"]
[ECO "B15"]
[WhiteElo "2259"]
[BlackElo "2085"]
[Annotator "RC"]
[PlyCount "117"]
[EventDate "2024.08.22"]
[EventType "swiss"]
[EventCountry "GER"]
[SourceTitle "playchess.com"]
[Source "ChessBase"]
[SourceQuality "1"]
[TimeControl "40/5400+30:1800+30"]

1. e4 c6 2. d4 d5 3. Nc3 dxe4 4. Nxe4 Nf6 5. Nxf6+ exf6 6. Bc4 Bd6 7. Ne2 Qc7 8. Ng3 O-O 9. O-O Nd7 10. Re1 Nb6 11. Bb3 Bd7 12. c4 c5 13. dxc5 Bxc5 14. Qf3 Qc6 15. Qxc6 Bxc6 16. Be3 Nd7 17. Nf5 Bb4 18. Red1 Rfd8 19. a3 Bf8 20. Nd4 Be4 21. Ba2 a5 22. Bb1 Bxb1 23. Raxb1 a4 24. Nb5 Ne5 25. c5 g5 26. Nd6 Rd7 27. Ne4 Kg7 28. Rxd7 Nxd7 29. Rd1 Ne5 30. Nd6 Kg6 31. Rd4 Nc6 32. Rd2 Rb8 33. Nc4 Ra8 34. Rd7 Ra7 35. g4 b5 36. Rxa7 Nxa7 37. Nd6 h5 38. h3 hxg4 39. hxg4 Be7 40. Kf1 Kg7 41. Ke2 Kf8 42. Kd3 Bxd6 43. cxd6 Nc6 44. Ke4 Ke8 45. Kf5 Ne5 46. Bd4 Nc4 47. Kxf6 Nxd6 48. Kxg5 Nb7 49. f4 Nd8 50. f5 Nc6 51. Bc3 Ne7 52. Kf6 Nd5+ 53. Ke5 Ne3 54. g5 Ke7 55. Bb4+ Ke8 56. g6 Ng4+ 57. Kf4 Nh6 58. Kg5 Ng8 59. f6 1-0